 Dungeon Crawl Stone Soup version 0.25.1-2-g60ff931df9 (webtiles) character file.

Game seed: 14180019262527165365

3163 Luthien the Thaumaturge (level 9, -7/45 HPs)
             Began as a Deep Elf Conjurer on Sept 11, 2020.
             Was a Follower of Vehumet.
             Shot with an arrow by a centaur (17 damage)
             ... on level 7 of the Dungeon.
             The game lasted 00:25:43 (8602 turns).

Luthien the Thaumaturge (Deep Elf Conjurer)         Turns: 8602, Time: 00:25:43

Health: -7/45      AC:  4    Str:  5    XL:     9   Next: 63%
Magic:  20/24      EV: 14    Int: 30    God:    Vehumet [*.....]
Gold:   171        SH:  0    Dex: 18    Spells: 16/27 levels left

rFire    . . .     SeeInvis .   E - +9 trident of the Lurker {venom, *Noise rC+ Dex+3}
rCold    + . .     Gourm    .   (no shield)
rNeg     . . .     Faith    .   a - +0 robe
rPois    .         Spirit   .   (no helmet)
rElec    .         Reflect  .   (no cloak)
rCorr    .         Harm     .   b - +1 pair of gloves
MR       .....                  (no boots)
Stlth    ++........             (no amulet)
HPRegen  0.15/turn              v - +6 ring of intelligence
MPRegen  0.19/turn              D - ring of wizardry

@: no status effects
A: no striking features
a: Renounce Religion


You were on level 7 of the Dungeon.
You worshipped Vehumet.
Vehumet was aware of your devotion.
You were not hungry.

You visited 2 branches of the dungeon, and saw 8 of its levels.

You collected 417 gold pieces.
You spent 246 gold pieces at shops.

Inventory:

Hand Weapons
 d - a +0 club
 n - a +1 vorpal spear
 o - a +0 hunting sling
 y - a +1 whip of pain
 E - the +9 trident of the Lurker (weapon) {venom, *Noise rC+ Dex+3}
   (You bought it in a shop on level 6 of the Dungeon)

   It poisons the flesh of those it strikes.
   It affects your dexterity (+3).
   It protects you from cold.
   It may make noises in combat.
Missiles
 e - 8 boomerangs of dispersal (quivered)
 g - 239 stones
 p - 45 sling bullets
 q - 163 arrows
 N - 9 boomerangs
Armour
 a - a +0 robe (worn)
 b - a +1 pair of gloves (worn)
 i - a +0 robe
 t - a cursed +0 ring mail
 z - a +0 kite shield
 H - a +0 leather armour
 J - a +3 chain mail of fire resistance
Jewellery
 v - a +6 ring of intelligence (left hand)
 D - a ring of wizardry (right hand)
 T - a +4 ring of protection
Wands
 r - a wand of polymorph (11)
 G - a wand of acid (7)
 L - a wand of digging (4)
 Q - a wand of paralysis (7)
Scrolls
 k - 5 scrolls of identify {unknown}
 l - 2 scrolls of magic mapping {unknown}
 m - a scroll of random uselessness {unknown}
 u - a scroll of fear {unknown}
 w - a scroll of fog {unknown}
 x - a scroll of blinking {unknown}
 A - 3 scrolls of remove curse {unknown}
 B - 2 scrolls of teleportation {unknown}
 I - 3 scrolls of amnesia {unknown}
 K - 2 scrolls of enchant armour {unknown}
 M - a scroll of vulnerability {unknown}
 S - a scroll of holy word {unknown}
Potions
 f - 2 potions of heal wounds {unknown}
 h - 4 potions of haste {unknown}
 j - 2 potions of might {unknown}
 s - 3 potions of mutation {unknown}
 C - 2 potions of flight {unknown}
 F - a potion of invisibility {unknown}
 O - a potion of stabbing {unknown}
 P - a potion of magic {unknown}
Comestibles
 c - 10 rations
 R - 9 chunks of flesh


   Skills:
 - Level 3.0 Dodging
 - Level 3.0 Stealth
 + Level 5.0 Shields
 + Level 9.8 Spellcasting
 + Level 9.1 Conjurations
 - Level 6.0 Hexes
 - Level 4.0 Translocations


You had 16 spell levels left.
You knew the following spells:

 Your Spells              Type           Power        Failure   Level  Hunger
a - Magic Dart            Conj           ####         1%          1    None
b - Searing Ray           Conj           ######       1%          2    None
i - Iskenderun's Mystic   Conj/Tloc      ######..     1%          4    None
p - Fulminant Prism       Conj/Hex       ######....   1%          4    None

Your spell library contained the following spells:

 Spells                   Type           Power        Failure   Level  Hunger
 Shock                    Conj/Air       ####         1%          1    None
 Dazzling Flash           Conj/Hex       ######       1%          3    None


Dungeon Overview and Level Annotations

Branches:
Dungeon (7/15)             Temple (1/1) D:5

Altars:
Ashenzari
Cheibriados
Dithmenos
Elyvilon
Gozag
Hepliaklqana
Kikubaaqudgha
Makhleb
Okawaru
Qazlal
Ru
Trog
Uskayaw
Vehumet
Xom
Yredelemnul
Zin
The Shining One

Shops:
D:6 *

Annotations:
D:2 Jessica, Robin
D:4 2 transporters, exclusion: downstairs


Message History

Confirm with . or Enter, or press ? or * to list all spells.
Aiming: Magic Dart (safe; 1% risk of failure)
Press: ? - help, Shift-Dir - straight line, f - centaur
Aim: a centaur, wielding a +3 shortbow and quivering 19 arrows The magic dart hits the centaur.
The centaur is moderately wounded.
The centaur shoots an arrow.
The arrow hits you!
The centaur shoots an arrow.
The arrow hits you!
Casting: Magic Dart (safe; 1% risk of failure)
Confirm with . or Enter, or press ? or * to list all spells.
Aiming: Fulminant Prism (dangerous; 1% risk of failure)
Press: ? - help, Dir - move target cursor, p - centaur You conjure a prism of explosive energy!
A fulminant prism comes into view.
The centaur shoots an arrow.
The arrow hits you!
* * * LOW HITPOINT WARNING * * *
Unknown command.
Your fulminant prism crackles loudly.
The centaur shoots an arrow.
The arrow hits you!
You die...

.......##
#.#..........
........#
#.#......c...
......#.#
#.#..........
#######.#
#.#..........
#.#######'#.....*....
##
#..#...[.....(.......
.###
##.#........(........
...#
#.#...).............
...#
#........@....######
...# ##...........##
...### #..####'#####
.....# ##.# #.#
.....# #.## #.#
.....# #..###.#
...### ##...#(# ...#
#...#.# ...#####
#...#.# #...#


You could see a centaur and a friendly fulminant prism.

Vanquished Creatures
  A two-headed ogre (D:5)
  Grinder (D:3)
  A water moccasin (D:5)
  An orc warrior (D:7)
  A sky beast (D:5)
  4 ogres
  5 centaurs
  2 bullfrogs
  A scorpion (D:6)
  2 jellies
  A howler monkey (D:5)
  A crimson imp (D:5)
  3 hounds
  7 orc priests
  A centaur skeleton (D:3)
  6 orc wizards
  A bullfrog skeleton (D:6)
  5 worker ants
  Terence (D:3)
  A hound zombie (D:6)
  2 worker ant zombies
  12 adders
  A howler monkey skeleton (D:4)
  A shadow imp (D:5)
  An ooze (D:2)
  4 worms
  A dart slug (D:1)
  2 leopard geckos
  31 orcs
  4 ball pythons
  2 bats
  5 giant cockroaches
  13 goblins
  16 hobgoblins
  16 jackals
  11 kobolds
  5 quokkas
  6 frilled lizards
  A jackal zombie (D:7)
  3 rats
183 creatures vanquished.

Vanquished Creatures (others)
  20 fulminant prisms
20 creatures vanquished.

Grand Total: 203 creatures vanquished

Notes
Turn   | Place    | Note
-------+----------+-------------------------------------------
     0 | D:1      | Luthien the Deep Elf Conjurer began the quest for the Orb.
     0 | D:1      | Reached XP level 1. HP: 10/10 MP: 6/6
     3 | D:1      | Noticed an electric eel
     3 | D:1      | Noticed an electric eel
   282 | D:1      | Reached XP level 2. HP: 15/15 MP: 5/8
   286 | D:1      | Learned a level 2 spell: Searing Ray
  1179 | D:2      | Reached XP level 3. HP: 18/19 MP: 3/10
  1519 | D:2      | Reached skill level 5 in Conjurations
  1593 | D:2      | Noticed Robin
  1604 | D:2      | Reached XP level 4. HP: 24/24 MP: 0/12
  1909 | D:2      | Noticed Jessica
  1919 | D:2      | Learned a level 4 spell: Fulminant Prism
  1924 | D:2      | Learned a level 4 spell: Iskenderun's Mystic Blast
  2038 | D:3      | Noticed Terence
  2044 | D:3      | Killed Terence
  2044 | D:3      | Reached skill level 1 in Hexes
  2205 | D:3      | Reached XP level 5. HP: 28/28 MP: 7/14
  2265 | D:3      | Noticed an ogre
  2274 | D:3      | Killed an ogre
  2274 | D:3      | Reached skill level 5 in Spellcasting
  2421 | D:3      | Reached XP level 6. HP: 18/32 MP: 11/15
  2710 | D:3      | Noticed Grinder
  2732 | D:3      | Killed Grinder
  2732 | D:3      | Reached skill level 5 in Hexes
  2959 | D:3      | Found a sacrificial altar of Ru.
  3463 | D:3      | Reached XP level 7. HP: 36/36 MP: 14/17
  3798 | D:4      | Found a transporter.
  3812 | D:4      | Found a transporter.
  4070 | D:4      | Reached skill level 1 in Translocations
  4391 | D:4      | Found a hazy altar of Hepliaklqana.
  4722 | D:4      | Reached skill level 1 in Shields
  4995 | D:5      | Entered Level 5 of the Dungeon
  5138 | D:5      | Found a staircase to the Ecumenical Temple.
  5144 | D:5      | Reached XP level 8. HP: 9/41 MP: 1/19
  5521 | Temple   | Entered the Ecumenical Temple
  5616 | Temple   | Became a worshipper of Vehumet
  6518 | D:5      | Noticed a two-headed ogre
  6527 | D:5      | Killed a two-headed ogre
  6527 | D:5      | Reached XP level 9. HP: 31/45 MP: 10/23
  6673 | D:5      | Found a shadowy altar of Dithmenos.
  6749 | D:5      | Found a basalt altar of Yredelemnul.
  6759 | D:5      | Found a burning altar of Makhleb.
  7164 | D:6      | Reached * piety under Vehumet
  7164 | D:6      | Offered knowledge of Shock by Vehumet.
  7378 | D:6      | Found a stormy altar of Qazlal.
  7420 | D:6      | Found Neoffosa's Assorted Antiques.
  7423 | D:6      | Bought a masterwork trident for 246 gold pieces
  7423 | D:6      | Identified the +9 trident of the Lurker {venom, *Noise rC+
                  | Dex+3} (You bought it in a shop on level 6 of the Dungeon)
  8469 | D:7      | Reached skill level 5 in Shields
  8602 | D:7      | Shot with an arrow by a centaur

Illustrated notes

Levels and vault maps discovered:
D:1:      arrival_aquarium_b, layout_basic, st_stairs_5
D:2:      layout_basic, first_ration, chequers_serial_rivers_micro_e,
          minmay_crystal_water, uniq_robin, uniq_jessica
D:3:      layout_loops_ring, nicolae_ru_sacrificial_ziggurat, uniq_grinder,
          uniq_terence
D:4:      gammafunk_steamed_eel, layout_basic, marbit_many_paths, serial_glass,
          glass_columns_a, glass_columns_a, roderic_lattice_a, nrook_mini_vaults
D:5:      layout_gridville, lemuel_round_altar, gammafunk_temple_overflow_wave,
          minmay_temple_entry_proselytizer
D:6:      layout_loops_cross, kennysheep_little_box, serial_shops, shop
D:7:      layout_basic, kennysheep_dice
Temple:   nicolae_temple_great_sept

Skill      XL: |  1  2  3  4  5  6  7  8  9 |
---------------+----------------------------+-----
Stealth        | 3 |  3.0
Dodging        | 3 |  3.0
Spellcasting   | 4 5 6 8 9 |  9.8
Conjurations   | 5 6 8 9 |  9.1
Hexes          | 2 3 5 6 |  6.0
Translocations | 3 4 |  4.0
Shields        | 1 4 5 |  5.0

Action                   |  1- 3 |  4- 6 |  7- 9 || total
-------------------------+-------+-------+-------++-------
Melee: Spear             |       |       |     2 ||     2
       Trident           |       |       |     3 ||     3
 Cast: Magic Dart        |    63 |    30 |    98 ||   191
       Searing Ray       |     7 |    19 |    64 ||    90
       Fulminant Prism   |       |     6 |    15 ||    21
  Eat: Chunk             |     2 |     6 |    16 ||    24
Armor: Robe              |     2 |       |     8 ||    10
Dodge: Dodged            |     8 |     4 |    23 ||    35
